 Dungeon Crawl Stone Soup version 0.27-a0-419-g7a85846853 (webtiles) character file.

Game seed: 16792946971004981002

9 Chiseanne the Stinger (level 2, 10/21 HPs)
             Began as a Demonspawn Wanderer on Feb 26, 2021.
             Quit the game on level 1 of the Dungeon.
             The game lasted 00:00:27 (529 turns).

Chiseanne the Stinger (Demonspawn Wanderer)          Turns: 529, Time: 00:00:27

Health: 10/21      AC:  2    Str: 12    XL:     2   Next: 3%
Magic:  3/3        EV: 11    Int: 13    God:
Gold:   24         SH:  0    Dex: 12    Spells: 3/3 levels left

rFire    . . .     SeeInvis .   a - +2 dagger
rCold    . . .     Faith    .   (no shield)
rNeg     + . .     Spirit   .   e - +0 robe
rPois    .         Reflect  .   (no helmet)
rElec    .         Harm     .   (no cloak)
rCorr    .         Rampage  .   (no gloves)
Will     .....                  (no boots)
Stlth    +.........             (no amulet)
HPRegen  0.07/turn              f - ring of positive energy
MPRegen  0.08/turn              (no ring)

@: no status effects
A: demonic magic 1
a: no special abilities


You were on level 1 of the Dungeon.
You visited 1 branch of the dungeon, and saw 1 of its levels.

You collected 24 gold pieces.

Inventory:

Hand Weapons
 a - a +2 dagger (weapon)
 c - a +0 hand axe
Missiles
 b - 2 curare-tipped darts (quivered)
 g - 7 bolts
Armour
 e - a +0 robe (worn)
Jewellery
 f - a ring of positive energy (left hand)
 h - an amulet of guardian spirit
Potions
 d - a potion of curing


   Skills:
 * Level 1.1 Fighting
 - Level 2.6 Axes
 - Level 1.7 Throwing
 * Level 1.0 Dodging
 - Level 1.0 Spellcasting
 - Level 1.0 Conjurations
 - Level 3.0 Poison Magic


You had 3 spell levels left.
You didn't know any spells.
Your spell library was empty.

Dungeon Overview and Level Annotations

Branches:
Dungeon (1/15)

Altars:


Innate Abilities, Weirdness & Mutations

Spells you cast may paralyse adjacent enemies.


Message History

A jackal comes into view.
The jackal barks!
A jackal comes into view. x2
The kobold barely misses you.
The jackal barks! x2
You hit the kobold but do no damage. The kobold hits you but does no damage.
The jackal barely misses you.
You barely miss the kobold. The jackal bites you.
The kobold hits you with a +0 whip. The jackal bites you.
You hit the kobold but do no damage. The kobold barely misses you.
The jackal bites you but does no damage.
The jackal bites you.
You closely miss the kobold.
The jackal bites you but does no damage.
The jackal closely misses you. The kobold hits you with a +0 whip.
You hit the kobold.
The kobold is heavily wounded.
The jackal bites you. The jackal barely misses you.
The jackal closely misses you. The kobold misses you.
The jackal bites you but does no damage.
The jackal closely misses you.
A kobold comes into view. It is wielding a +0 dagger.
The jackal bites you.
You are too injured to fight recklessly!
You are too injured to fight recklessly!
You are too injured to fight recklessly!
You are too injured to fight recklessly!
You are too injured to fight recklessly!
You are too injured to fight recklessly!
You are too injured to fight recklessly!
You are too injured to fight recklessly!
You are too injured to fight recklessly!
You are too injured to fight recklessly!
You are too injured to fight recklessly!
You are too injured to fight recklessly!
You are too injured to fight recklessly!
You are too injured to fight recklessly!
You are too injured to fight recklessly!
You are too injured to fight recklessly!
Are you sure you want to abandon this character and quit the game? (Confirm with "yes".)

.......... .........###
........... ..........##
K..........# ..#.
.........#.# .......
......Kh.#.# .......
......h@.#.##.......
.#####h.....+....... ###
#.####.#....... ..# ##
#.............. #.# .#
#.............. ##.###.
#.............. ...#...
#.............. ##.#..#
#.#............
#..#..#########+#............


You could see 3 jackals and 2 kobolds.

Vanquished Creatures
  A leopard gecko (D:1)
  A goblin (D:1)
  2 jackals (D:1)
  A bat (D:1)
  A frilled lizard (D:1)
  2 rats (D:1)
8 creatures vanquished.

Notes
Turn   | Place    | Note
-------+----------+-------------------------------------------
     0 | D:1      | Chiseanne the Demonspawn Wanderer began the quest for the
                  | Orb.
     0 | D:1      | Chiseanne set off with the following items: a +2 dagger, 2
                  | curare-tipped darts, a +0 hand axe, a potion of curing, a
                  | +0 robe
     0 | D:1      | Reached XP level 1. HP: 13/13 MP: 2/2
   297 | D:1      | Reached skill level 1 in Fighting
   417 | D:1      | Reached skill level 1 in Dodging
   417 | D:1      | Gained mutation: Spells you cast may paralyse adjacent
                  | enemies. [demonic ancestry]
   417 | D:1      | Reached XP level 2. HP: 15/21 MP: 3/3
   529 | D:1      | Quit the game

Illustrated notes

Levels and vault maps discovered:
D:1:      psy_arrival_radial01, layout_basic

Skill      XL: |  1 |
---------------+----+-----
Fighting       | 1 |  1.1
Dodging        | 1 |  1.0
Axes           | |  2.6
Throwing       | |  1.7
Spellcasting   | |  1.0
Conjurations   | |  1.0
Poison Magic   | |  3.0

Action                   || total
-------------------------++-------
Melee: Dagger            ||    28
Armor: Robe              ||    14
Dodge: Dodged            ||    27

Table legend: (Time is in decaauts)
 A = Elapsed time spent in this place.
 B = Non-inter-level travel time spent in this place.
 C = Inter-level travel time spent in this place.
 D = Time resting spent in this place.
 E = Time spent auto-exploring this place.
 F = Levels seen in this place.
 G = Mean time per level.
                   A        B        C        D        E       F      G
               +--------+--------+--------+--------+--------+-----+--------+
         Total |    528 |    528 |      0 |    196 |    277 |   1 |  528.0 |
       Dungeon |    528 |    528 |      0 |    196 |    277 |   1 |  528.0 |
               +--------+--------+--------+--------+--------+-----+--------+

Top non-repeatable levels by time:
     D:1: 528 daAuts
